Cogmind - Beta 11.1 @@@ ROGUE MODE // 2022.11.09 @ 18:16:16 Player: Eitru Result: Destroyed by G-34 Mercenary with Small Laser Performance ------------- Evolutions (0) 0 Regions Visited (1) 200 Robots Destroyed (11) 55 Value Destroyed (250) 250 Prototype IDs (1) 20 Alien Tech Used (0) 0 Bonus (0) 0 TOTAL SCORE: 525 Bonus ------- None Cogmind --------- Core Integrity 0/250 Matter 119/300 Energy 73/125 System Corruption 0% Temperature Danger (421) Movement Core (1500) Ox29 Location -10/Materials Parts ------- > --- POWER (1) -------- Light Ion Engine > --- PROPULSION (2) --- Light Treads Light Treads > --- UTILITY (2) ------ Huge Storage Unit > --- WEAPON (2) ------- Spread Laser Spread Laser > --- INVENTORY (25) --- Aluminum Leg Medium Matter Pod (0) Medium Matter Pod (0) Medium Matter Pod (0) Spread Laser Spread Laser Improved Medium Laser Improved Medium Laser Improved Medium Laser Improved Medium Laser Light Assault Rifle Peak State ------------ > --- POWER ------------ Light Nuclear Core > --- PROPULSION ------- Light Treads Light Treads > --- UTILITY ---------- Huge Storage Unit > --- WEAPON ----------- Improved Medium Laser Improved Medium Laser > --- INVENTORY -------- Ion Engine Light Ion Engine Aluminum Leg Aluminum Leg Spread Laser Spread Laser Spread Laser Spread Laser Improved Medium Laser Improved Medium Laser Assault Rifle Assault Rifle Light Assault Rifle [Rating: 14] Favorites ----------- Power Light Nuclear Core Engine Ion Engine Power Core Light Nuclear Core Propulsion Light Treads Treads Light Treads Leg Aluminum Leg Utility Huge Storage Unit Storage Huge Storage Unit Weapon Improved Medium Laser Energy Gun Improved Medium Laser Ballistic Gun Assault Rifle Build | -11 -10 ------- Run | Scr Mat Slots Evolved . | . . Power . | . . Propulsion . | . . Utility . | . . Weapon . | . . Parts Attached 21 | 6 15 Power 4 | 2 2 Engine 3 | 2 1 Core 1 | . 1 Reactor . | . . Propulsion 6 | 2 4 Treads 4 | 2 2 Leg 2 | . 2 Wheel . | . . Hover . | . . Flight . | . . Utility 3 | 1 2 Device . | . . Storage 3 | 1 2 Processor . | . . Hackware . | . . Protection . | . . Artifact . | . . Weapon 8 | 1 7 Energy Gun 6 | . 6 Energy Cannon . | . . Ballistic Gun 2 | 1 1 Ballistic Cannon . | . . Launcher . | . . Special Weapon . | . . Impact Weapon . | . . Slashing Weapon . | . . Piercing Weapon . | . . Special Melee Weapon . | . . Unidentified Prototypes 1 | . 1 Parts Lost 1 | . 1 Power 1 | . 1 Propulsion . | . . Utility . | . . Weapon . | . . Highest Loss Streak 1 | . 1 To Critical Strikes . | . . Average Slot Usage (%) 85 | . 85 Engine 5 | . 5 Core 8 | . 8 Treads 27 | . 27 Storage 14 | . 14 Energy Gun 23 | . 23 Ballistic Gun 4 | . 4 Naked Turns . | . . Heaviest Build 91 | 12 91 Greatest Support 40 | 40 40 Greatest Overweight (x) 4 | . 4 Average Overweight (x) 1 | . 1 Largest Inventory Capacity 25 | 8 25 Average Capacity 22 | 6 23 Most Carried 13 | 5 13 Average Carried 8 | 2 8 Final Capacity 25 | 8 25 Final Carried 11 | 3 11 Class Distribution -------------------- 100% | Mutant Dominant Class ---------------- Mutant | -10/Materials Resources | -11 -10 ----------- Run | Scr Mat Matter Collected 292 | 194 98 Remotely . | . . Salvage Created 391 | . 391 Parts 23 | . 23 Haulers Intercepted 1 | . 1 Recyclers Shooed . | . . Parts Field Recycled . | . . Retrieved Matter . | . . Parts Self-Destructed . | . . Prevented . | . . Kills | -11 -10 ------- Run | Scr Mat Combat Hostiles Destroyed 8 | . 8 Guns 8 | . 8 Classes Destroyed 5 | . 5 Hauler 1 | . 1 Recycler 1 | . 1 Operator 1 | . 1 Swarmer 3 | . 3 Grunt 5 | . 5 Best Kill Streak 9 | . 9 Combat Bots Only 6 | . 6 Max Kills in Single Turn 1 | . 1 Gunslinging . | . . Exploded . | . . Melee . | . . Uniques/NPCs Destroyed . | . . Combat | -11 -10 -------- Run | Scr Mat Damage Taken 656 | . 656 Core 253 | . 253 Absorbed by Shields . | . . Core Remaining (%) 100 | 100 . Volleys Fired 23 | . 23 Largest 2 | . 2 Hottest 130 | . 130 Shots Fired 39 | . 39 Gun 39 | . 39 Cannon . | . . Launcher . | . . Special . | . . Kinetic . | . . Thermal 39 | . 39 Explosive . | . . Electromagnetic . | . . Robot Hit Streak 6 | . 6 Robot Miss Streak 3 | . 3 Penetration Max . | . . Secondary Targets 4 | . 4 Max Gunslinging Chain 1 | . 1 Shots Hit Robots 25 | . 25 Core Hits 15 | . 15 Critical Kills . | . . Critical Parts Destroyed . | . . Critical Strikes 3 | . 3 Burn 3 | . 3 Melee Attacks . | . . Impact . | . . Slashing . | . . Piercing . | . . Sneak Attacks . | . . Combat Hostiles . | . . Follow-up Attacks . | . . Damage Inflicted 496 | 1 495 Guns 495 | . 495 Cannons . | . . Explosions . | . . Melee . | . . Ramming 1 | 1 . Kinetic . | . . Thermal 495 | . 495 Explosive . | . . Electromagnetic . | . . Impact . | . . Slashing . | . . Piercing . | . . Highest Corruption . | . . Average Corruption . | . . Corruption Purged . | . . Corruption Blocked . | . . Overload Shots . | . . Overflow Damage . | . . Projectiles . | . . Explosions . | . . Melee . | . . Knockbacks . | . . Impact . | . . Kinetic . | . . Secondary . | . . Self-Inflicted Damage . | . . Shots . | . . Rammed 2 | 1 1 Targets Rammed 2 | 1 1 Kicked . | . . Crushed . | . . Highest Temperature 613 | . 613 Average Temperature 292 | . 292 Received Heat Transfer 189 | . 189 Effects 30 | . 30 Shutdowns 4 | . 4 Energy Bleed 3 | . 3 Interference 1 | . 1 Matter Decay 2 | . 2 Short Circuit 5 | . 5 Damage (minor) 3 | . 3 Damage (major) 8 | . 8 Damage (core) 4 | . 4 Siege Activations . | . . Robots Corrupted . | . . Combat Hostiles . | . . Parts Fried . | . . Impact Corruptions . | . . Robots Melted . | . . Combat Hostiles . | . . Parts Melted 3 | . 3 Heat Transferred 1293 | . 1293 Parts Sabotaged . | . . Parts Stolen . | . . Parts Stripped . | . . Power Chain Reactions . | . . Missiles Intercepted . | . . Alert | -11 -10 ------- Run | Scr Mat Peak Influence 169 | . 169 Initial . | . . Average 17 | . 18 Maximum Alert Level . | . . Low Security (%) 100 | 100 100 Level 1 . | . . Level 2 . | . . Level 3 . | . . Level 4 . | . . Level 5 . | . . High Security . | . . Max Security . | . . Squads Dispatched 2 | . 2 Investigation . | . . Extermination . | . . Reinforcement 2 | . 2 Assault . | . . Garrison . | . . Intercept . | . . Searches Triggered . | . . Construction Impeded . | . . Haulers Reinforced . | . . Active Scanning Responses . | . . Cargo Convoy Interrupts . | . . Stealth | -11 -10 --------- Run | Scr Mat Distress Signals 1 | . 1 Communications Jammed . | . . Distress Signals . | . . Times Spotted 15 | . 15 Peak Tracking Total 4 | . 4 Tactical Retreats . | . . Traps | -11 -10 ------- Run | Scr Mat Traps Triggered . | . . Indirectly . | . . Trap Hack Attempts . | . . Triggered . | . . Disarmed . | . . Reprogrammed . | . . Reused . | . . Traps Extracted . | . . Installed . | . . Triggered . | . . Machines | -11 -10 ---------- Run | Scr Mat Machines Disabled . | . . Max in Single Turn . | . . Machines Sabotaged . | . . Garrisons Compromised . | . . Overloaded Fab Kills . | . . Hacking | -11 -10 --------- Run | Scr Mat Machines Accessed 2 | . 2 Terminals 1 | . 1 Fabricators . | . . Repair Stations . | . . Recycling Units 1 | . 1 Scanalyzers . | . . Garrison Access . | . . Total Hacks 4 | . 4 Successful 4 | . 4 Failed . | . . Catastrophic . | . . Database Lockouts . | . . Manual . | . . Terminals 2 | . 2 Fabricators . | . . Repair Stations . | . . Recycling Units 2 | . 2 Scanalyzers . | . . Garrison Access . | . . Terminal Hacks 2 | . 2 Record 1 | . 1 Surveillance Status 1 | . 1 Fabricator Hacks . | . . Repair Station Hacks . | . . Recycling Unit Hacks 2 | . 2 Recycle Component 2 | . 2 Scanalyzer . | . . Garrison Access Hacks . | . . Unauthorized Hacks . | . . Terminals . | . . Fabricators . | . . Repair Stations . | . . Recycling Units . | . . Scanalyzers . | . . Garrison Access . | . . Data Cores Recovered . | . . Used . | . . Hacking Detections . | . . Full Trace Events . | . . Feedback Events . | . . Feedback Blocked . | . . Robot Schematics Acquired . | . . Robots Built . | . . Authchips . | . . Time . | . . Total Robot Build Rating . | . . Part Schematics Acquired . | . . Parts Built . | . . Authchips . | . . Time . | . . Total Part Build Rating . | . . Parts Repaired . | . . Time . | . . Parts Recycled 2 | . 2 Recycled Matter . | . . Retrieved Matter . | . . Retrieved Components . | . . Parts Scanalyzed . | . . Part Schematics Acquired . | . . Parts Damaged . | . . Bothacking | -11 -10 ------------ Run | Scr Mat Used RIF Installer . | . . Robots Hacked . | . . Non-combat . | . . Combat . | . . Robot Hacks Applied . | . . Relay Couplers Released . | . . Fabnet Peak Effective % . | . . Robots Rewired . | . . Allies Hacked . | . . Hacks Repelled . | . . Allies | -11 -10 -------- Run | Scr Mat Total Allies . | . . Largest Group . | . . Highest-Rated Group . | . . Highest-Rated Ally . | . . Total Orders . | . . Ally Attacks . | . . Total Damage . | . . Kills . | . . Allies Corrupted . | . . Allies Melted . | . . Intel | -11 -10 ------- Run | Scr Mat Robot Analysis Total . | . . Derelict Logs Recovered . | . . Drone Launches . | . . Drone Recoveries . | . . Exploration | -11 -10 ------------- Run | Scr Mat Turns Passed 1122 | 61 1061 Spaces Moved 372 | 41 331 Core 18 | 18 . Treads 354 | 23 331 Legs . | . . Wheels . | . . Hover . | . . Flight . | . . Fastest Speed 50 | 50 160 Average Speed 266 | 111 285 Slowest Speed 480 | 160 480 Overloaded Moves . | . . Propulsion Burnouts . | . . Robots Hopped . | . . Cave-ins Triggered . | . . Exploration Rate (%) 27 | 3 51 Regions Visited 1 Branch Regions . Pre-discovered Areas . | . . Known Exits Taken . | . . Unknown Exits Taken 1 | 1 . Scrap Searched . | . . Spaces Dug . | . . Terrain Destroyed . | . . Melee . | . . Projectile . | . . AOE . | . . Terrain Rammed . | . . Walls Destroyed . | . . Machines Disabled . | . . Actions | -11 -10 --------- Run | Scr Mat Total 458 | 55 403 Wait 9 | . 9 Move 371 | 40 331 Hop . | . . Pick Up 25 | 8 17 Fast Attach . | . . Attach 9 | 5 4 Detach 2 | . 2 Swap 12 | 1 11 Drop 5 | . 5 Fire 23 | . 23 Melee . | . . Ram . | . . Kick . | . . Crush 2 | 1 1 Escape Stasis . | . . Rewire . | . . Trap . | . . Miscellaneous . | . . Route ------- -11/Scrapyard -10/Materials (discovered 2 exits: [*Mat] / [*Min]) History --------- Turn | Location | Event 9 | -11/Scrapyard | Discovered new exit (range 14) 62 | -11/Scrapyard | Entered Materials 304 | -10/Materials | Build established: Mutant 399 | -10/Materials | Discovered new exit (range 12) 905 | -10/Materials | Discovered new exit (range 5) 1102 | -10/Materials | Core integrity fell below 50% 1104 | -10/Materials | Core integrity fell below 20% 1123 | -10/Materials | Destroyed by G-34 Mercenary with Small Laser Last Messages --------------- 01110_ Overheating: Energy bleed (-16). 01111_ Overheating: Energy bleed (-18). 01112_ Overheating: Lgt. Treads damaged (-3). 01112_ Overheating: Broken Lgt. Treads damaged (-9). 01112_ Overheating: Spread Laser damaged (-21). 01112_ Overheating: Spread Laser damaged (-35). 01113_ K-01 Serf collects debris. 01114_ Overheating: Energy bleed (-4). 01116_ Overheating: Matter decay (-30). 01116_ K-01 Serf collects debris. 01117_ Spread Laser broken. 01117_ Overheating: Short circuit. 01118_ Overheating: System interference. 01118_ Spread Laser temporarily disabled. 01119_ Overheating: Huge Storage Unit damaged (-49). 01119_ K-01 Serf collects debris. 01120_ Slammed into G-34 Mercenary. 01122_ Power failure, Lgt. Ion Engine shutdown. 01123_ Lgt. Treads broken. 01123_ Overheating: Short circuit. Map ----- +----------------------------------------------------+ | ????# # #??# # ##+##?? | | ##### # """ #??# # ## T #? | | # """"" #??## ## ## #? | | + """"" #???## ### ## #? | | # """"" ###### ## #? | | ##+#### """ # # #? | | ???# # # #? | | ????# # # #? | | ????# # ####### #####? | | ?????######### ??????# #????? | | ??????????????# ???????# #????? | | ??????????????# ???????# #????? | | ??????????????# ????????# #????? | | ?????????????? ?????????# #????? | | ????????????? ?????????# #????? | | ????????????? ??????????# #????? | | ???????????? ???????????#a #????? | | ????????????????????????# #????? | | ????????????????????????# #????? | | ???????????????????????## ##???? | | ????????? ############[ #???? | | ???????? #???? | | ????????# T #???? | | ????????# t #???? | | ??????????? ############g % #???? | | ???????????????????????##@ =##???? | | ????????????????????????#==%#????? | | ????????????????????????#!*[ !???? | | ????????????????????????#%%[ !?? | | ????????????????????????#w%k= !#? | | ????????????????????????#%=%= !#? | | ????????????????#*=! !#? | | ????????????????+==! !!##? | | ????????????????#%[[####?? | | #?????????????????????#![*#????? | | #????????????????????? [! #????? | | #????????????????????? = #????? | | #????????????????????? #????? | | #????????????????????##+#+#????? | | #???????????????????????? ?????? | | #???????????????????????? ?????? | | #???????????????????????? ?????? | | #??????????????????????????????? | | #??????????????????????????????? | | #??????????????????????????????? | | #??????????????????????????????? | | #??????????????????????????????? | | #??????????????????????????????? | | #??????????????????????????????? | | #####????????????????????????????? | +----------------------------------------------------+ Best States ------------- Heat Dissipation 25 Energy Generation 14 Energy Capacity 250 Matter Stores 254 Matter Capacity 300 Sight Range 16 Terrain Scan Density 10 Evasion (%) 50 Recoil Reduction 2 Item Schematics ----------------- None Robot Schematics ------------------ None Fabricated ------------ Nothing Alien Tech Used ----------------- None Achievements -------------- None Challenges ------------ None Game ------ Seed LargeGuidedFirepult Manual? 0 Play Time 00:12:21 Cumulative 9.8 hours Start 2022.11.09 @ 18:07:59 End 2022.11.09 @ 18:16:16 Sessions 1 Manual Loads 0 Difficulty Rogue Special Mode None Game No. 21 Rogue 21 Adventurer 0 Explorer 0 Win Type - Total 0 Types 0/0/0/0/0/0/0/0/0 Lore% 2 Gallery% 12 Achievement% 15 Wizard Run 0 Options --------- ASCII 0 Keyboard 0 Movement Numpad Keybinds 0 Fullscreen 1 Font 18/SmallcapsGlow Map View 76x50 Tactical HUD 1 Map Filters NONE Filters NONE Steam 1 RUN: 0f4450f3-5058-480b-a773-cbcdb9fa948d